 Dungeon Crawl Stone Soup version 0.30-a0-174-gbc10bd73c2 (webtiles) character file.

Game seed: 17555246765441601270

126 qw the Chopper (level 5, -3/32 HPs)
             Began as a Gargoyle Fighter on Oct 1, 2022.
             Killed from afar by an orc wizard (8 damage)
             ... with a magic dart
             ... on level 3 of the Dungeon.
             The game lasted 00:01:02 (1924 turns).

qw the Chopper (Gargoyle Fighter)                   Turns: 1924, Time: 00:01:03

Health: -3/32      AC: 14    Str: 22    XL:     5   Next: 10%
Magic:  5/5        EV:  7    Int:  8    God:
Gold:   82         SH:  5    Dex: 15    Spells: 4/4 levels left

rFire   . . .      SeeInvis .    Y - +0 war axe
rCold   . . .      Faith    .    c - +0 buckler
rNeg    + . .      Spirit   .    f - +0 chain mail
rPois   inf        Reflect  .    (no helmet)
rElec   +          Harm     .    (no cloak)
rCorr   .          Rampage  .    (no gloves)
Will    .....                    k - +0 pair of boots
Stlth   ..........               j - amulet of the acrobat
HPRegen 0.25/turn                i - +6 ring of dexterity
MPRegen 0.09/turn                (no ring)

@: no status effects
A: sickness immunity, AC +4, negative energy resistance 1, electricity
resistance, torment resistance 1, petrification resistance
a: no special abilities


You were on level 3 of the Dungeon.
You visited 1 branch of the dungeon, and saw 3 of its levels.

You collected 121 gold pieces.
You spent 39 gold pieces at shops.


Innate Abilities, Weirdness & Mutations

You are immune to sickness and miasma.
Your stone body is resilient. (AC +4)
You are immune to poison.
You resist negative energy. (rN+)
You are resistant to electric shocks. (rElec)
You are resistant to unholy torment.
You are immune to petrification.


   Skills:
 - Level 3.2 Fighting
 + Level 4.4 Axes
 - Level 3.2 Armour
 - Level 1.0 Dodging
 - Level 3.2 Shields


You had 4 spell levels left.
You didn't know any spells.
Your spell library was empty.

Inventory:

Hand Weapons
 h - a +0 whip
 Y - a +0 war axe (weapon)
Armour
 c - a +0 buckler (worn)
 f - a +0 chain mail (worn)
 k - a +0 pair of boots (worn)
Jewellery
 i - a +6 ring of dexterity (left hand)
 j - an amulet of the acrobat (around neck)
 m - an amulet of reflection
Scrolls
 a - a scroll of identify
 o - a scroll of teleportation {unknown}
 p - a scroll of acquirement {unknown}
Potions
 b - a potion of magic {unknown}
 d - 3 potions of might
 e - 2 potions of attraction
 g - a potion of lignification
 l - a potion of heal wounds {unknown}
 n - 2 potions of curing {unknown}

Dungeon Overview and Level Annotations

Branches:
Dungeon (3/15)

Altars:

Shops:
D:3 *


Message History

Something hits you.
The orc priest shouts!
You slash something!
You hear some strange, mumbled words.
Something tries to affect you, but you resist.
You hit the orc priest.
The orc priest is lightly wounded.
You miss something.
The orc priest hits you but does no damage.
Something hits you but does no damage.
You barely miss the orc priest.
The orc priest is lightly wounded.
You closely miss something.
The orc priest calls down the wrath of Beogh upon you.
Beogh smites you! Something hits you.
The orc priest hits you but does no damage.
You hear some strange, mumbled words.
A magic dart appears from out of thin air!
The magic dart hits you.
You hit the orc priest.
The orc priest is heavily wounded.
You hit something but do no damage.
The orc priest hits you but does no damage.
Something hits you.
You completely miss the orc priest.
The orc priest is heavily wounded.
You closely miss something.
The orc priest hits you but does no damage.
You hear some strange, mumbled words.
Something tries to affect you, but you resist.
You closely miss the orc priest.
The orc priest is heavily wounded.
You miss something.
The orc priest hits you with a +0 short sword.
Something hits you but does no damage.
The orc priest hits you but does no damage.
You hear some strange, mumbled words.
A magic dart appears from out of thin air!
The magic dart hits you!
You die...

# #.# ## #.# #. ~#
#.# #.# ~# #.#
#.### ~###.# #...
.....# #..# ######
#..# #..#
#########)@#
........)o{##
#.###...##.......#
#.......###.#.####
#.###...# #.# oo ##
.#####.####.# ## .#
.............######
...#
#######.###.......#
.#.# #.# ##.####.#


You could see an orc priest.

Vanquished Creatures
  5 adders
  2 worms (D:2)
  2 dart slugs
  3 orcs (D:3)
  4 bats
  4 endoplasms
  3 giant cockroaches (D:2)
  7 hobgoblins
  6 jackals (D:2)
  10 kobolds
  3 quokkas
  4 ball pythons
  6 frilled lizards
  4 goblins
  A rat (D:1)
64 creatures vanquished.

Notes
Turn   | Place    | Note
-------+----------+-------------------------------------------
     0 | D:1      | qw the Gargoyle Fighter began the quest for the Orb.
     0 | D:1      | Reached XP level 1. HP: 14/14 MP: 1/1
     0 | D:1      | 0 ||| qw: Version: 0.2-a-13-gfc7b4b4
     0 | D:1      | 0 ||| qw: Game counter: 1956
     0 | D:1      | 0 ||| qw: Always use a shield: true
     0 | D:1      | 0 ||| qw: God list: Okawaru
     0 | D:1      | 0 ||| qw: Allow faded altars: false
     0 | D:1      | 0 ||| qw: Do Orc after D:15 true
     0 | D:1      | 0 ||| qw: Do second Lair branch before Depths: true
     0 | D:1      | 0 ||| qw: Lair rune preference: random
     0 | D:1      | 0 ||| qw: Plans: Normal, Zot:1-4, God:TSO, Crypt, Tomb,
                  | Pan, Slime:5, Hells, Abyss, Orb
     0 | D:1      | 0 ||| PLANNING D:1-11
    74 | D:1      | Reached skill level 2 in Axes
   130 | D:1      | 130 ||| Stepping ~*~*~tactically~*~*~ (hiding).
   266 | D:1      | Reached XP level 2. HP: 19/19 MP: 2/2
   375 | D:1      | 375 ||| Stepping ~*~*~tactically~*~*~ (stealth).
   447 | D:1      | Reached skill level 3 in Axes
   462 | D:1      | Reached XP level 3. HP: 23/23 MP: 3/3
   680 | D:1      | 680 ||| UPGRADING to +0 pair of boots.
   685 | D:1      | 685 ||| UPGRADING to +6 ring of dexterity.
   686 | D:1      | 686 ||| READING scroll labelled JYIDUACSOTT.
   687 | D:1      | 687 ||| READING scroll labelled JAONOUT POUNK.
   688 | D:1      | 688 ||| DRINKING 2 bubbling black potions.
   742 | D:2      | 742 ||| Stepping ~*~*~tactically~*~*~ (stealth).
   791 | D:2      | 791 ||| DROPPING +0 club.
   878 | D:2      | Reached skill level 1 in Dodging
   972 | D:2      | Reached XP level 4. HP: 28/28 MP: 4/4
   980 | D:2      | 980 ||| FLEEEEING.
   981 | D:2      | 981 ||| FLEEEEING.
   982 | D:2      | 982 ||| FLEEEEING.
   985 | D:2      | 985 ||| FLEEEEING.
   986 | D:2      | 986 ||| FLEEEEING.
   987 | D:2      | 987 ||| FLEEEEING.
   988 | D:2      | 988 ||| FLEEEEING.
   989 | D:2      | 989 ||| FLEEEEING.
   990 | D:2      | 990 ||| FLEEEEING.
   991 | D:2      | 991 ||| FLEEEEING.
   992 | D:2      | 992 ||| FLEEEEING.
   996 | D:2      | 996 ||| FLEEEEING.
  1220 | D:2      | Found a faded altar of an unknown god.
  1498 | D:2      | 1498 ||| Stepping ~*~*~tactically~*~*~ (stealth).
  1512 | D:2      | 1512 ||| UPGRADING to +0 chain mail.
  1522 | D:2      | 1522 ||| DROPPING +0 scale mail.
  1523 | D:2      | 1523 ||| UPGRADING to amulet of the acrobat.
  1528 | D:2      | 1528 ||| READING 2 scrolls labelled QUABLEOLEU.
  1529 | D:2      | 1529 ||| READING scroll labelled PUAFYGR GINUI.
  1605 | D:3      | 1605 ||| Stepping ~*~*~tactically~*~*~ (hiding).
  1671 | D:3      | Reached skill level 4 in Axes
  1672 | D:3      | Found Xagguid's General Store.
  1679 | D:3      | 1679 ||| BUYING potion of attraction (39 gold).
  1679 | D:3      | Bought a potion of attraction for 39 gold pieces
  1832 | D:3      | 1832 ||| Stepping ~*~*~tactically~*~*~ (stealth).
  1846 | D:3      | Reached XP level 5. HP: 32/32 MP: 5/5
  1910 | D:3      | 1910 ||| Stepping ~*~*~tactically~*~*~ (stealth).
  1912 | D:3      | 1912 ||| Stepping ~*~*~tactically~*~*~ (hiding).
  1922 | D:3      | HP: 7/32 [something (4)]
  1924 | D:3      | Killed from afar by an orc wizard

Levels and vault maps discovered:
D:1:      lightli_arrival_farm, layout_rooms
D:2:      layout_basic, shapermc_ecumenical_altar_ellora
D:3:      layout_loops_ring, yredelemnul_altar_generic, serial_shops,
          nicolae_shop_waterfront

Skill      XL: |  1  2  3  4 |
---------------+-------------+-----
Axes           | 2 3 4 |  4.4
Dodging        | 1 |  1.0
Fighting       | |  3.2
Armour         | |  3.2
Shields        | |  3.2

Action                   |  1- 3 |  4- 6 || total
-------------------------+-------+-------++-------
Melee: War axe           |   101 |    97 ||   198
  Use: Scroll            |     2 |     2 ||     4
       Potion            |     1 |       ||     1
Armor: Scale mail        |    43 |    17 ||    60
       Chain mail        |       |    42 ||    42
Dodge: Dodged            |    48 |    38 ||    86
Block: Buckler           |    16 |    24 ||    40

Table legend:
 A = Non-vault XP
 B = Vault XP
 C = Vault XP percentage of total XP
 D = Non-vault monster count
 E = Vault monster count
 F = Vault count percentage of total count
                 A         B        C        D         E       F
            +---------+---------+-------+---------+---------+-------
      Total |     181 |       0 |   0.0 |      64 |       0 |   0.0
            +---------+---------+-------+---------+---------+-------
        D:1 |      41 |       0 |   0.0 |      25 |       0 |   0.0
        D:2 |      87 |       0 |   0.0 |      26 |       0 |   0.0
        D:3 |      53 |       0 |   0.0 |      13 |       0 |   0.0
            +---------+---------+-------+---------+---------+-------
